 Dungeon Crawl Stone Soup version 0.29-a0-717-g6dac4ea423 (webtiles) character file.

Game seed: 10691814942948838164

1 porpoise the Caller (level 1, 0/13 HPs)
             Began as a Demonspawn Summoner on June 27, 2022.
             Slain by a giant cockroach (2 damage)
             ... on level 1 of the Dungeon.
             The game lasted 00:00:40 (40 turns).

porpoise the Caller (Demonspawn Summoner)             Turns: 40, Time: 00:00:41

Health: 0/13       AC:  2    Str:  8    XL:     1   Next: 16%
Magic:  0/3        EV: 12    Int: 16    God:
Gold:   0          SH:  0    Dex: 13    Spells: 3/4 levels left

rFire   . . .      SeeInvis .   (no weapon)
rCold   . . .      Faith    .   (no shield)
rNeg    . . .      Spirit   .   a - +0 robe
rPois   .          Reflect  .   (no helmet)
rElec   .          Harm     .   (no cloak)
rCorr   .          Rampage  .   (no gloves)
Will    .....                   (no boots)
Stlth   ++........              (no amulet)
HPRegen 0.04/turn               (no ring)
MPRegen 0.08/turn               (no ring)

@: no status effects
A: no striking features
a: no special abilities


You were on level 1 of the Dungeon.
You visited 1 branch of the dungeon, and saw 1 of its levels.

Inventory:

Armour
 a - a +0 robe (worn)
Potions
 b - a potion of magic


   Skills:
 * Level 0.2 Fighting
 - Level 1.7 Dodging
 - Level 1.7 Stealth
 + Level 2.0 Spellcasting
 + Level 4.0 Summonings


You had 3 spell levels left.
You knew the following spells:

 Your Spells              Type           Power      Damage    Failure   Level
a - Summon Small Mammal   Summ           56%        N/A       4%          1

Your spell library contained the following spells:

 Spells                   Type           Power      Damage    Failure   Level
 Call Imp                 Summ           14%        N/A       6%          2
 Call Canine Familiar     Summ           14%        N/A       12%         3
 Summon Guardian Golem    Hex/Summ       8%         N/A       26%         3
 Summon Lightning Spire   Summ/Air       8%         N/A       65%         4


Dungeon Overview and Level Annotations

Branches:
Dungeon (1/15)

Altars:


Message History

The giant cockroach bites you but does no damage.
The kobold hits your bat with a +0 dagger.
Your rat closely misses the giant cockroach.
Your bat closely misses the kobold.
You hit the kobold but do no damage. Your bat misses the kobold.
Your bat closely misses the kobold.
The giant cockroach misses you. The kobold closely misses you.
Your rat bites the giant cockroach but does no damage.
You barely miss the kobold. Your bat hits the kobold.
The giant cockroach barely misses you. The giant cockroach bites you.
Your rat bites the giant cockroach but does no damage.
The kobold hits you but does no damage.
Your bat barely misses the kobold.
Casting: Summon Small Mammal (safe; 4% risk of failure)
Confirm with . or Enter, or press ? or * to list all spells.
Your rat disappears in a puff of smoke!
Your bat hits the kobold but does no damage.
Your bat hits the kobold. The giant cockroach bites you.
The kobold hits you with a +0 dagger.
You hit the kobold.
The kobold is severely wounded.
Your bat closely misses the kobold.
Your bat barely misses the kobold.
The giant cockroach bites you but does no damage.
Your quokka misses the kobold.
Your bat hits the kobold but does no damage.
The kobold closely misses you.
You closely miss the kobold.
The kobold is heavily wounded.
Your bat misses the kobold. Your bat hits the kobold.
The giant cockroach barely misses you.
Your quokka bites the kobold.
The kobold dies!
You closely miss the giant cockroach.
The giant cockroach is moderately wounded.
The giant cockroach bites you.
* * * LOW HITPOINT WARNING * * *
Your bat closely misses the giant cockroach.
You closely miss the giant cockroach.
The giant cockroach is moderately wounded.
Your bat hits the giant cockroach but does no damage. x2
The giant cockroach bites you.
You die...

## #.. .....#..#
#....#.#..##+##
#............. .
#.....#......
..#...........
.......#.##.##
#....#.##@B#.###
#........br......
#......###.#.#.##
#....### ...#
##....## #..#
#......# ....
#.##+#.## ...##
#. #.#..# ...# #
##.##.#


You could see a giant cockroach (ally target), a friendly quokka (summoned) and
a friendly bat (summoned).

Vanquished Creatures (collateral kills)
  A kobold (D:1)
1 creature vanquished.

Notes
Turn   | Place    | Note
-------+----------+-------------------------------------------
     0 | D:1      | porpoise the Demonspawn Summoner began the quest for the
                  | Orb.
     0 | D:1      | Reached XP level 1. HP: 13/13 MP: 3/3
    40 | D:1      | Slain by a giant cockroach

Illustrated notes

Levels and vault maps discovered:
D:1:      wander_arrival_chamber, layout_basic, serial_shops, shop

Action                   || total
-------------------------++-------
Melee: Unarmed           ||    10
 Cast: Summon Small Mamm ||     4
Armor: Robe              ||     3
Dodge: Dodged            ||    10

Table legend: (Time is in decaauts)
 A = Elapsed time spent in this place.
 B = Non-inter-level travel time spent in this place.
 C = Inter-level travel time spent in this place.
 D = Time resting spent in this place.
 E = Time spent auto-exploring this place.
 F = Levels seen in this place.
 G = Mean time per level.
                   A        B        C        D        E       F      G
               +--------+--------+--------+--------+--------+-----+--------+
         Total |     40 |     40 |      0 |      0 |     18 |   1 |   40.0 |
       Dungeon |     40 |     40 |      0 |      0 |     18 |   1 |   40.0 |
               +--------+--------+--------+--------+--------+-----+--------+

Top non-repeatable levels by time:
     D:1: 40 daAuts
